 Dungeon Crawl Stone Soup version 0.19-a0-1815-g4007336 (webtiles) character file.

3301 GameOver the Summoner (level 10, -10/75 HPs)
             Began as a Naga Summoner on Oct 5, 2016.
             Was a Priest of Cheibriados.
             Mangled by an orc warrior
             ... wielding a +0 glaive
              (29 damage)
             ... on level 9 of the Dungeon.
             The game lasted 00:49:54 (6655 turns).

GameOver the Summoner (Naga Summoner)               Turns: 6655, Time: 00:49:55

Health: -10/75     AC: 10    Str: 17    XL:     10   Next: 1%
Magic:  2/23       EV:  8    Int: 24    God:    Cheibriados [***...]
Gold:   244        SH:  0    Dex: 18    Spells: 3 memorised, 3 levels left

rFire  + . .     SeeInvis +     q - +0 shortbow (freeze)
rCold  . . .     Gourm    +     a - +0 robe
rNeg   . . .     Faith    .     (shield currently unavailable)
rPois  +         Spirit   .     (no helmet)
rElec  .         Dismiss  .     F - +1 cloak {rPois}
rCorr  .         Reflect  .     (no gloves)
MR     +....     Harm     .     i - +0 naga barding
Stlth  ++........               G - amulet of the gourmand
                                r - ring of magical power
                                V - ring of protection from fire

@: very slightly contaminated, invisible, very slow
A: see invisible, deformed body, poison resistance, slowness 2, slow metabolism
1, spit poison 1, AC +3
a: Spit Poison, Bend Time, Temporal Distortion, Renounce Religion


You were on level 9 of the Dungeon.
You worshipped Cheibriados.
Cheibriados was most pleased with you.
You were very full.

You visited 1 branch of the dungeon, and saw 9 of its levels.
You also visited: Ossuary.

You collected 574 gold pieces.
You spent 330 gold pieces at shops.

Inventory:

Hand Weapons
 q - a +0 shortbow of freezing (weapon)
 w - a +0 spear of venom
 U - a +2 great sword
Missiles
 l - 50 bolts
 P - 68 arrows (quivered)
Armour
 a - a +0 robe (worn)
 i - a +0 naga barding (worn)
 F - a +1 cloak of poison resistance (worn)
Magical Staves
 e - an uncursed staff of wizardry
Jewellery
 r - a ring of magical power (right hand)
 x - an uncursed ring of protection from cold
 G - an amulet of the gourmand (around neck)
 V - a ring of protection from fire (left hand)
Scrolls
 n - 2 scrolls of recharging
 o - a scroll of blinking
 t - 2 scrolls of enchant weapon
 v - 6 scrolls of teleportation
 y - 3 scrolls of fog
 A - 2 scrolls of fear
 B - a scroll of immolation
 C - 2 scrolls of amnesia
 E - 7 scrolls of remove curse
 K - 2 scrolls of torment
 L - a scroll of enchant armour
Potions
 d - a potion of curing
 f - 3 potions of cancellation {unknown}
 h - 2 potions of lignification {unknown}
 j - 2 potions of berserk rage {unknown}
 p - 2 potions of cure mutation
 u - a potion of ambrosia {unknown}
 H - 3 potions of heal wounds
 I - 2 potions of brilliance {unknown}
 J - 4 potions of degeneration {unknown}
 M - 3 potions of mutation {unknown}
 R - a potion of invisibility
 S - a potion of might
Books
 b - a book of Geomancy

   Spells                             Type                      Level
   a - Sandblast                      Earth                        1
   b - Passwall                       Transmutation/Earth          2
   c - Stone Arrow                    Conjuration/Earth            3
   d - Petrify                        Transmutation/Earth          4
   e - Lee's Rapid Deconstruction     Earth                        5
 N - a book of Necromancy

   Spells                             Type                      Level
   a - Pain                           Necromancy                   1
   b - Animate Skeleton               Necromancy                   1
   c - Vampiric Draining              Necromancy                   3
   d - Regeneration                   Charms/Necromancy            3
   e - Animate Dead                   Necromancy                   4
   f - Control Undead                 Necromancy                   4
 O - a book of Power

   Spells                             Type                      Level
   a - Fulminant Prism                Conjuration/Hexes            4
   b - Iskenderun's Mystic Blast      Conjuration                  4
   c - Venom Bolt                     Conjuration/Poison           5
   d - Bolt of Magma                  Conjuration/Fire/Earth       5
   e - Iron Shot                      Conjuration/Earth            6
   f - Orb of Destruction             Conjuration                  7
   g - Spellforged Servitor           Conjuration/Summoning        7
Comestibles
 c - 5 bread rations
 k - a slice of pizza
 s - a beef jerky
 D - 3 meat rations
 Q - 2 royal jellies
 T - 2 fruits


   Skills:
 - Level 1.5 Dodging
 - Level 3.0 Stealth
 - Level 2.0 Spellcasting
 - Level 10.3 Summonings
 - Level 8.0 Air Magic
 + Level 6.0 Invocations


You had 3 spell levels left.
You knew the following spells:

 Your Spells              Type           Power        Failure   Level  Hunger
q - Summon Lightning Spi  Summ/Air       #####...     2%          4    #####..
w - Call Canine Familiar  Summ           ######..     1%          3    ###....
x - Regeneration          Chrm/Necr      #.........   34%         3    ###....


Dungeon Overview and Level Annotations

Branches:
Dungeon (9/15)             Temple (0/1) D:7            Lair (0/6) D:8
    Orc (0/2) D:9

Altars:
Ashenzari
Cheibriados
Elyvilon
Hepliaklqana
Kikubaaqudgha
Trog
Vehumet
Yredelemnul
Zin
Beogh

Shops:
D:4 %   D:6 *   D:8 =


Innate Abilities, Weirdness & Mutations

You cannot wear boots.
Your serpentine skin is tough. (AC +3)
You have supernaturally acute eyesight. (SInv)
Armour fits poorly on your strangely shaped body.
Your system is resistant to poisons. (rPois)
You cover ground very slowly.
You have a slow metabolism.
You can spit poison.


Message History

You feel slightly less full.
The orc warrior hits your lightning spire from afar with a glaive!!
Unknown command.
You have got your breath back.
The orc warrior hits your lightning spire from afar with a glaive!
Your lightning spire is destroyed!
Casting: Summon Lightning Spire
Confirm with . or Enter, or press ? or * to list all spells.
Aiming: Summon Lightning Spire
Press: ? - help, Dir - move target cursor, p - orc warrior An electric hum fills the air.
The orc warrior shouts!
Firing (i - inventory):
P - 69 arrows (quivered)
Press: ? - help, Shift-Dir - straight line, f - orc warrior
Aim: an orc warrior, wielding a glaive and wearing a plate armour (almost dead)
You shoot an arrow.
The arrow hits the orc warrior but does no damage.
The orc warrior is almost dead.
The orc warrior hits you from afar with a glaive!!
You die... #(# #o##8'8### #.###### #)# oooo8 #......# #o# oo.. #.####.#### #.# ooo

#†).......#
#(# ..
#(###.###.#
#o# > #.#
#.# #.#
#o########
#(###'###.#
#........#
#(..'_###.#
#8.@.....#
##.###+###.#
####...###
#..# #.# #.#
######...##
#..###.###.#
#.........#
#..........#
#.........#
#..##.###.##
#.........#
##........#
#.........#
#.########
#.........#
#.#
#.........#


You could see 2 orc warriors and a friendly lightning spire.

Vanquished Creatures
  2 ice beasts
  A sky beast (D:7)
  2 ogres
  2 orc warriors (D:7)
  4 bullfrogs
  3 scorpions
  A howler monkey (D:4)
  4 hounds
  An orc wizard (D:5)
  2 worker ants
  A big kobold zombie (Ossuary)
  An ogre zombie (Ossuary)
  3 mummies (Ossuary)
  2 adders
  An adder skeleton (D:7)
  An adder zombie (D:5)
  2 worms
  3 dart slugs
  2 leopard geckos
  6 orcs
  2 giant cockroaches
  3 goblins
  7 hobgoblins
  3 jackals
  3 quokkas
  2 ball pythons
  5 bats
  3 frilled lizards
  2 goblin zombies
  A hobgoblin zombie (D:5)
  3 kobolds
  7 rats
  2 rat zombies (Ossuary)
  A fungus (D:3)
88 creatures vanquished.

Vanquished Creatures (collateral kills)
  An oklob plant (D:7)
  A wyvern (D:8)
  Menkaure (Ossuary)
  The ghost of Duskembrace the Sneak, an amateur VSMo (D:4)
  7 orc warriors
  A sky beast (D:8)
  2 black bears (D:8)
  3 ice beasts
  An ogre (D:6)
  A phantom (D:6)
  4 centaurs
  A big kobold (D:9)
  2 scorpions
  3 wights (D:7)
  2 crimson imps
  A human zombie (Ossuary)
  4 jellies
  A quasit (D:8)
  3 centaur zombies
  2 hounds
  2 orc priests (D:6)
  2 bullfrog skeletons
  5 orc wizards
  2 iguanas
  A worker ant (D:4)
  2 ogre zombies (Ossuary)
  A hound skeleton (D:7)
  4 mummies
  3 gnolls (D:6)
  An adder (D:7)
  A shadow imp (D:5)
  2 adder skeletons (D:4)
  3 adder zombies
  2 worms
  2 leopard geckos
  21 orcs
  A giant cockroach (D:4)
  10 jackals
  2 bats (D:1)
  A gnoll zombie (Ossuary)
  3 goblin zombies (Ossuary)
  2 hobgoblin zombies (Ossuary)
  6 kobolds (D:9)
  2 kobold zombies (Ossuary)
  A leopard gecko skeleton (D:5)
  A quokka skeleton (D:5)
  2 quokka zombies (Ossuary)
  2 rats
  4 rat zombies (Ossuary)
133 creatures vanquished.

Grand Total: 221 creatures vanquished

Notes
Turn   | Place    | Note
-------+----------+-------------------------------------------
     0 | D:1      | GameOver the Naga Summoner began the quest for the Orb.
     0 | D:1      | Reached XP level 1. HP: 15/15 MP: 3/3
   119 | D:1      | Reached XP level 2. HP: 22/22 MP: 5/5
   732 | D:2      | Found a glowing silver altar of Zin.
   767 | D:2      | Reached XP level 3. HP: 27/28 MP: 6/6
   772 | D:2      | Learned a level 3 spell: Call Canine Familiar
   796 | D:2      | Reached skill level 5 in Summonings
   828 | D:2      | Found a basalt altar of Yredelemnul.
   884 | D:2      | Found a radiant altar of Vehumet.
   884 | D:2      | Found a bloodstained altar of Trog.
  1238 | D:3      | Reached XP level 4. HP: 36/36 MP: 4/7
  1625 | D:4      | Noticed Duskembrace's ghost (amateur VSMo)
  1700 | D:4      | Reached skill level 6 in Summonings
  1700 | D:4      | Reached XP level 5. HP: 42/42 MP: 8/8
  1706 | D:4      | Learned a level 4 spell: Summon Lightning Spire
  1843 | D:4      | Reached skill level 1 in Air Magic
  2201 | D:5      | Entered Level 5 of the Dungeon
  2308 | D:5      | Reached XP level 6. HP: 42/49 MP: 9/9
  2417 | D:5      | Found a sand-covered staircase.
  2428 | Ossuary  | Entered an ossuary
  2743 | Ossuary  | Noticed Menkaure
  2772 | Ossuary  | Killed Menkaure
  2772 | Ossuary  | Reached skill level 7 in Summonings
  2859 | Ossuary  | Reached XP level 7. HP: 25/55 MP: 10/10
  3245 | D:5      | Found an ancient bone altar of Kikubaaqudgha.
  3340 | D:4      | Found Sex Wox's Food Shoppe.
  3349 | D:4      | Killed Duskembrace's ghost
  3628 | D:5      | Found a white marble altar of Elyvilon.
  3742 | D:5      | Reached skill level 5 in Air Magic
  3886 | D:5      | Learned a level 3 spell: Regeneration
  4021 | D:6      | Reached XP level 8. HP: 62/62 MP: 11/11
  4165 | D:6      | Reached skill level 8 in Summonings
  4339 | D:6      | Found Imatis's General Store.
  4347 | D:6      | Bought 2 scrolls of torment for 150 gold pieces
  4347 | D:6      | Bought 2 potions of invisibility for 160 gold pieces
  4347 | D:6      | Bought a scroll of identify for 20 gold pieces
  4953 | D:7      | Found a snail-covered altar of Cheibriados.
  4953 | D:7      | Noticed an oklob plant
  4970 | D:7      | Killed an oklob plant
  4970 | D:7      | Reached XP level 9. HP: 68/68 MP: 12/12
  4984 | D:7      | Became a worshipper of Cheibriados the Contemplative
  5072 | D:7      | Reached skill level 9 in Summonings
  5095 | D:7      | Found a staircase to the Ecumenical Temple.
  5203 | D:7      | Reached * piety under Cheibriados
  5535 | D:7      | Found a hazy altar of Hepliaklqana.
  5730 | D:8      | Reached skill level 10 in Summonings
  5751 | D:8      | Reached skill level 1 in Invocations
  5781 | D:8      | Found a staircase to the Lair.
  6206 | D:8      | Reached ** piety under Cheibriados
  6265 | D:8      | Found Xoeff's Jewellery Shoppe.
  6511 | D:9      | Found a shattered altar of Ashenzari.
  6611 | D:9      | Found a roughly hewn altar of Beogh.
  6611 | D:9      | Found a staircase to the Orcish Mines.
  6628 | D:9      | Reached skill level 5 in Invocations
  6641 | D:9      | Reached XP level 10. HP: 15/75 MP: 6/14
  6646 | D:9      | Reached *** piety under Cheibriados
  6655 | D:9      | Mangled by an orc warrior

Vault maps used:
D:1:      enne_arrival_octagon_isle
D:2:      overflow_temple_1_default, overflow_temple_1_default,
          gammafunk_temple_overflow_elements, first_bread
D:3:      minmay_gold_behind_fungi
D:4:      serial_shops, nicolae_shop_waterfront, minmay_crystal_room
D:5:      kennysheep_mini_moat, nicolae_ossuary_entry_giza, basic_altar
D:6:      serial_shops, shop
D:7:      marbit_many_paths, lemuel_oklob_altar
D:8:      lair_0_dummy, serial_shops, kennysheep_mini
D:9:      lemuel_doored_altar, david_orc_5
Ossuary:  ossuary_boxes_badplayer

Skill      XL: |  1  2  3  4  5  6  7  8  9 10 |
---------------+-------------------------------+-----
Summonings     | 5 6 7 8 10 | 10.3
Air Magic      | 2 3 5 8 |  8.0
Invocations    | 5 6 |  6.0
Dodging        | |  1.5
Stealth        | |  3.0
Spellcasting   | |  2.0

Action                   |  1- 3 |  4- 6 |  7- 9 | 10-12 || total
-------------------------+-------+-------+-------+-------++-------
Melee: Unarmed           |     2 |       |       |       ||     2
       Mace              |     4 |       |       |       ||     4
       Short sword       |     2 |       |       |       ||     2
       Spear             |       |   135 |    75 |       ||   210
       Staff             |       |       |    20 |       ||    20
 Fire: Hunting sling     |    31 |    31 |     1 |       ||    63
       Shortbow          |       |       |    35 |     8 ||    43
 Cast: Summon Small Mamm |     9 |       |       |       ||     9
       Call Canine Famil |     2 |    13 |    30 |       ||    45
       Summon Lightning  |       |     6 |    37 |     2 ||    45
       Regeneration      |       |       |     1 |       ||     1
 Abil: Spit Poison       |    31 |    11 |    32 |     1 ||    75
  Use: Scroll            |       |     7 |     8 |       ||    15
       Potion            |       |     1 |     3 |       ||     4
 Stab: Sleeping          |       |    10 |     1 |       ||    11
       Distracted        |       |     1 |     2 |       ||     3
  Eat: Chunk             |     2 |     6 |    28 |       ||    36
       Fruit             |       |     2 |       |       ||     2
       Meat ration       |       |       |     1 |       ||     1
Armor: Robe              |     8 |    31 |    53 |       ||    92
Dodge: Dodged            |    11 |    29 |    65 |       ||   105
